 Dungeon Crawl Stone Soup version 0.18.1-8-gdd0e5ea (webtiles) character file.

156699 Necrotakul the Bludgeoner (level 17, -4/166 HPs)
             Began as a Minotaur Berserker on June 9, 2016.
             Was the Champion of Trog.
             Slain by a tarantella (5 damage)
             ... on level 3 of the Spider Nest on June 11, 2016.
             The game lasted 01:57:17 (31204 turns).

Necrotakul the Bludgeoner (Minotaur Berserker)     Turns: 31204, Time: 01:57:17

Health: -4/166     AC:  9    Str: 26    XL:     17   Next: 11%
Magic:  16/16      EV: 13    Int:  5    God:    Trog [******]
Gold:   1181       SH:  0    Dex: 15    Spells: 0 memorised, 16 levels left

rFire  . . .     SeeInvis .     G - +0 eveningstar (drain)
rCold  + . .     Gourm    .     e - +0 storm dragon armour
rNeg   + . .     Faith    .     D - +0 large shield
rPois  +         Spirit   .     J - +2 hat {rC+}
rElec  +         Dismiss  .     j - +2 cloak {rPois}
rCorr  .         Reflect  +     k - +2 pair of gloves {Str+3}
SustAt +         Harm     .     o - +1 pair of boots
MR     +....                    x - +6 amulet of reflection
Stlth  ..........               L - ring of positive energy
                                C - ring of sustain attributes

@: confused, exhausted, corroded, slowed, very slow, somewhat resistant to
hostile enchantments, extremely unstealthy
A: retaliatory headbutt, horns 2
a: Berserk, Trog's Hand, Brothers in Arms, Burn Spellbooks, Renounce Religion


You were on level 3 of the Spider Nest.
You worshipped Trog.
Trog was exalted by your worship.
You were very hungry.

You visited 5 branches of the dungeon, and saw 29 of its levels.
You also visited: Labyrinth, Bailey and Ice Cave.

You collected 2381 gold pieces.
You spent 1200 gold pieces at shops.

Inventory:

Hand Weapons
 G - a +0 eveningstar of draining (weapon)
Missiles
 O - 4 javelins of returning (quivered)
 Y - 3 steel javelins
Armour
 e - a +0 storm dragon armour (worn)
 j - a +2 cloak of poison resistance (worn)
 k - a +2 pair of gloves of strength (worn)
 o - a +1 pair of boots (worn)
 D - a +0 large shield (worn)
 J - a +2 hat of cold resistance (worn)
Jewellery
 u - an uncursed ring of see invisible
 x - a +6 amulet of reflection (around neck)
 y - the ring "Lugem" {rElec Str-3 Int+6 SInv}
   (You found it on level 1 of the Spider Nest)

   [ring of see invisible]

   It affects your strength (-3).
   It affects your intelligence (+6).
   It insulates you from electricity.
   It lets you see invisible.
 C - a ring of sustain attributes (left hand)
 L - a ring of positive energy (right hand)
Wands
 i - a wand of digging (0/24)
 B - a wand of teleportation (4/9)
 Q - a wand of disintegration (0/24)
 V - a wand of iceblast (7/15)
Scrolls
 h - 15 scrolls of teleportation
 l - 9 scrolls of enchant weapon
 m - 11 scrolls of remove curse
 p - 5 scrolls of fear
 s - 6 scrolls of enchant armour
 t - a scroll of holy word {unknown}
 v - 3 scrolls of recharging {unknown}
 A - 2 scrolls of identify
 E - 3 scrolls of blinking {unknown}
 M - 4 scrolls of immolation
 S - 3 scrolls of vulnerability {unknown}
 W - a scroll of summoning {unknown}
 X - 3 scrolls of magic mapping
Potions
 a - a potion of heal wounds
 b - 5 potions of might
 f - 7 potions of curing
 r - 4 potions of agility
 w - 5 potions of cure mutation
 z - 3 potions of haste
 H - 3 potions of flight
 R - a potion of resistance
 T - a potion of invisibility
Comestibles
 c - 19 bread rations
 d - 19 fruits
 g - 28 royal jellies
 n - 11 meat rations


   Skills:
 - Level 18.6 Fighting
 - Level 18.8 Maces & Flails
 - Level 16.4 Armour
 - Level 11.1 Dodging
 + Level 14.4 Shields


You had 16 spell levels left.
You didn't know any spells.

Dungeon Overview and Level Annotations

Branches:
Dungeon (15/15)            Temple (1/1) D:4            Lair (8/8) D:10
 Shoals (0/4) Lair:5       Spider (3/4) Lair:3        Slime (0/6) Lair:8
    Orc (2/2) D:12            Elf (0/3) Orc:2        Vaults (0/5) D:14
 Depths (0/5) D:15

Altars:
Ashenzari
Cheibriados
Dithmenos
Elyvilon
Fedhas
Gozag
Kikubaaqudgha
Makhleb
Nemelex Xobeh
Okawaru
Pakellas
Qazlal
Ru
Sif Muna
Trog
Vehumet
Xom
Yredelemnul
Zin
The Shining One
Beogh

Shops:
Orc:2 [:}*


Innate Abilities, Weirdness & Mutations

You reflexively headbutt those who attack you in melee.
You have a pair of horns on your head.


Message History

You feel less resistant to hostile enchantments.
The redback misses you. The tarantella closely misses you.
The redback barely misses you. The emperor scorpion barely misses you.
The emperor scorpion claws you but does no damage.
The emperor scorpion claws you.
* * * LOW HITPOINT WARNING * * *
The tarantella completely misses you.
You're too confused!
You barely miss the tarantella. The redback closely misses you.
The tarantella bites you!
* * * LOW HITPOINT WARNING * * *
The emperor scorpion stings you!
* * * LOW HITPOINT WARNING * * *
The emperor scorpion misses you.
The emperor scorpion claws you but does no damage.
The redback bites you but does no damage.
You bump into the rock wall.
The tarantella bites you!
* * * LOW HITPOINT WARNING * * *
The redback barely misses you. The tarantella bites you.
You die...

#### ## ##..^ ##...
####...## #######.....
.#.......######..(.##..<...
.......s...........##......
........###s.s###..^#...>.#
.......sss@#.#.............
s......###s###.###.......^.
..)...s s## ##....###..#..
.....s. .s ##....##..##..
....p..### #.###../......
##..... #.............
#...... ..###..........
....... ...........#...
#....#.........


You could see an emperor scorpion, a demonic crawler, an orb spider, 3
tarantellas and 2 redbacks.

Vanquished Creatures
  An emperor scorpion (Spider:2)
  An ettin (D:15)
  A minotaur (Lab)
  Josephine (D:10)
  3 entropy weavers
  Fannar (D:11)
  10 hydras
  A catoblepas (Lair:8)
  4 centaur warriors
  A queen ant (Lair:6)
  The ghost of nixorn the Magician, a journeyman OpTm of Ashenzari (D:9)
  A death knight (D:15)
  A death yak (Lair:7)
  A tengu warrior (D:14)
  Nergalle (Lair:1)
  Urug (D:10)
  6 skeletal warriors
  A wizard (D:14)
  An iron troll (D:11)
  4 unseen horrors
  5 hill giants
  7 ugly things
  Pikel (D:5)
  A deep elf mage (D:13)
  13 orb spiders
  2 oklob plants (Lair:8)
  2 hornets
  29 wolf spiders
  3 orc sorcerers
  6 griffons
  3 cyclopes (D:14)
  A manticore (Lair:5)
  A moth of wrath (Spider:2)
  2 ice statues (IceCv)
  Maurice (D:10)
  12 black mambas
  13 elephants
  2 gargoyles
  2 guardian serpents (shapeshifter)
  2 centaur zombies
  A guardian serpent (Lair:8)
  A torpor snail (Spider:1)
  5 rime drakes
  21 spiny frogs
  11 komodo dragons
  2 efreet
  13 demonic crawlers
  2 freezing wraiths (D:15)
  A yaktaur (D:15)
  2 tengu conjurers
  8 ice devils (IceCv)
  21 jumping spiders
  A queen bee (Lair:3)
  14 trolls
  8 polar bears (Lair:8)
  5 two-headed ogres
  11 blink frogs
  4 slime creatures (D:15)
  A two-headed ogre (shapeshifter) (D:15)
  3 raiju (Lair:8)
  A shadow (D:15)
  A spriggan (D:7)
  29 tarantellas
  7 wyverns
  43 redbacks
  57 yaks
  5 vampires
  5 wraiths
  Grum (D:11)
  2 basilisks
  A human (shapeshifter) (D:14)
  10 hippogriffs
  2 hungry ghosts
  8 vampire mosquitoes
  4 mottled dragons
  8 wargs
  6 soldier ants
  7 porcupines
  9 hell hounds
  31 water moccasins
  4 ice beasts
  4 sky beasts
  47 orc warriors
  18 black bears
  5 wasps
  An eye of draining (D:14)
  4 phantoms
  A slave (D:5)
  8 ogres
  23 centaurs
  19 wolves
  A big kobold (D:11)
  20 crocodiles
  Blork the orc (D:5)
  25 giant frogs
  A wyvern zombie (D:14)
  A wyvern skeleton (D:9)
  7 scorpions
  A water moccasin skeleton (D:8)
  17 killer bees (Lair:3)
  12 wights
  4 howler monkeys (D:7)
  5 electric eels
  7 crimson imps
  3 giant frog zombies
  3 jellies
  A quasit (D:10)
  19 hounds
  2 giant frog skeletons
  17 orc priests
  19 orc wizards
  12 centaur skeletons
  Natasha (twice) (D:2)
  6 hell rats (Lair:3)
  10 iguanas
  34 worker ants
  15 sheep
  A hound zombie (D:6)
  22 adders
  5 gnolls
  47 river rats
  A shadow imp (D:8)
  7 white imps (IceCv)
  6 ufetubi (IceCv)
  An adder zombie (D:10)
  An adder skeleton (D:9)
  A dart slug (D:1)
  6 giant geckos
  69 orcs
  2 ball pythons
  A giant cockroach (D:2)
  11 goblins
  6 hobgoblins
  6 jackals
  2 quokkas
  5 bats
  4 giant newts
  9 kobolds
  A quokka skeleton (D:4)
  4 rats
  A fungus (Lair:6)
1120 creatures vanquished.

Vanquished Creatures (collateral kills)
  A redback (Spider:1)
  A tarantella (Spider:1)
2 creatures vanquished.

Vanquished Creatures (others)
  A centaur warrior (D:14)
  2 deep elf archers
  A griffon (D:15)
  A redback (Spider:2)
  3 yaks (Lair:8)
  A wyvern (D:15)
  3 orc warriors (Orc:2)
  9 centaurs
  A hound (D:5)
  A white imp (IceCv)
  3 ufetubi (IceCv)
  2 orcs (Orc:2)
  5 kobolds (Bailey)
  29 fungi
  30 plants
92 creatures vanquished.

Grand Total: 1214 creatures vanquished

Notes
Turn   | Place    | Note
--------------------------------------------------------------
     0 | D:1      | Necrotakul the Minotaur Berserker began the quest for the Orb.
     0 | D:1      | Reached XP level 1. HP: 19/19 MP: 0/0
   212 | D:1      | Reached XP level 2. HP: 25/26 MP: 1/1
   426 | D:2      | Found an iron altar of Okawaru.
   572 | D:2      | Reached skill level 5 in Maces & Flails
   572 | D:2      | Reached XP level 3. HP: 31/31 MP: 2/2
   966 | D:2      | Noticed Natasha
   972 | D:2      | Killed Natasha
  1287 | D:2      | Noticed Natasha
  1294 | D:2      | Killed Natasha
  1294 | D:2      | Reached XP level 4. HP: 29/39 MP: 3/3
  1622 | D:3      | Reached ** piety under Trog
  1622 | D:3      | Reached XP level 5. HP: 36/47 MP: 4/4
  1973 | D:3      | Reached skill level 5 in Fighting
  2620 | D:4      | Found a staircase to the Ecumenical Temple.
  2622 | D:4      | Noticed a phantom
  2657 | D:4      | Killed a phantom
  2657 | D:4      | Reached skill level 5 in Armour
  2657 | D:4      | Reached XP level 6. HP: 41/56 MP: 5/5
  2669 | Temple   | Entered the Ecumenical Temple
  3273 | D:4      | Reached XP level 7. HP: 55/61 MP: 6/6
  3469 | D:5      | Entered Level 5 of the Dungeon
  3616 | D:5      | Noticed Blork the orc
  3621 | D:5      | Killed Blork the orc
  3623 | D:5      | Found a shadowy altar of Dithmenos.
  3630 | D:5      | Reached *** piety under Trog
  3788 | D:5      | Noticed Pikel
  3809 | D:5      | Killed Pikel
  3809 | D:5      | Reached XP level 8. HP: 68/68 MP: 7/7
  4169 | D:5      | Found an ancient bone altar of Kikubaaqudgha.
  5304 | D:7      | Reached skill level 10 in Maces & Flails
  5304 | D:7      | Reached XP level 9. HP: 74/74 MP: 8/8
  5614 | D:7      | Found a glowing golden altar of the Shining One.
  5622 | D:7      | Found a white marble altar of Elyvilon.
  5623 | D:7      | Found a glowing silver altar of Zin.
  5835 | D:7      | Found a deep blue altar of Sif Muna.
  6041 | D:8      | Reached **** piety under Trog
  6042 | D:8      | Found an opulent altar of Gozag.
  6418 | D:8      | Found a burning altar of Makhleb.
  6887 | D:9      | Reached skill level 1 in Shields
  7035 | D:9      | Reached XP level 10. HP: 71/90 MP: 9/9
  7362 | D:9      | Found a sacrificial altar of Ru.
  7424 | D:9      | Noticed nixorn's ghost (journeyman OpTm)
  7443 | D:9      | Reached skill level 5 in Shields
  7471 | D:9      | Killed nixorn's ghost
  7639 | D:9      | Received a gift from Trog
  7639 | D:9      | Reached skill level 10 in Fighting
  8278 | D:10     | Entered Level 10 of the Dungeon
  8278 | D:10     | Found a staircase to the Lair.
  8290 | D:8      | Found a shimmering altar of Xom.
  8435 | D:10     | Found a flagged portal.
  8465 | Bailey   | Entered a bailey
  8763 | D:10     | Noticed a hill giant
  8770 | D:10     | Killed a hill giant
  8855 | D:10     | Reached XP level 11. HP: 104/104 MP: 10/10
  8864 | D:10     | Noticed Maurice
  8875 | D:10     | Killed Maurice
  9188 | D:10     | Noticed Urug
  9205 | D:10     | Killed Urug
  9432 | D:10     | Noticed Josephine
  9440 | D:10     | Killed Josephine
  9850 | Lair:1   | Entered Level 1 of the Lair of Beasts
  9924 | Lair:1   | Found a labyrinth entrance.
  9942 | Lab      | Entered a labyrinth
 10285 | Lab      | Noticed a minotaur
 10299 | Lab      | Killed a minotaur
 10331 | Lab      | Identified Rooh's Almanac of Battle Magic and Enchantment
 10353 | Lair:1   | Noticed a six-headed hydra
 10365 | Lair:1   | Killed a six-headed hydra
 10365 | Lair:1   | Reached skill level 15 in Maces & Flails
 10564 | Lair:1   | Noticed Nergalle
 10587 | Lair:1   | Killed Nergalle
 11223 | Lair:1   | Noticed an eight-headed hydra
 11230 | Lair:1   | Killed an eight-headed hydra
 11230 | Lair:1   | Reached XP level 12. HP: 85/112 MP: 11/11
 12325 | Lair:2   | Reached ***** piety under Trog
 12515 | Lair:3   | Noticed a five-headed hydra
 12520 | Lair:3   | Killed a five-headed hydra
 12591 | Lair:3   | Received a gift from Trog
 12833 | Lair:3   | Found a hole to the Spider Nest.
 12907 | Lair:3   | Noticed an eight-headed hydra
 12913 | Lair:3   | Killed an eight-headed hydra
 13925 | Lair:4   | Reached XP level 13. HP: 69/125 MP: 12/12
 14132 | Lair:4   | Reached skill level 10 in Dodging
 14351 | Lair:4   | Received a gift from Trog
 14743 | Lair:4   | Found a white marble altar of Elyvilon.
 14995 | Lair:5   | Found a staircase to the Shoals.
 15609 | Lair:5   | Reached skill level 10 in Armour
 16098 | Lair:6   | Found a frozen archway.
 16108 | IceCv    | Entered an ice cave
 16142 | IceCv    | Reached skill level 15 in Fighting
 16709 | IceCv    | Received a gift from Trog
 17395 | Lair:6   | Got a scorched cloak
 17406 | Lair:6   | Identified the cursed -6 cloak of Duck's Teeth {-Tele MP+9 Int+4} (You found it on level 6 of the Lair of Beasts)
 18284 | Lair:7   | Reached XP level 14. HP: 118/138 MP: 13/13
 18815 | Lair:7   | Received a gift from Trog
 19179 | Lair:8   | Entered Level 8 of the Lair of Beasts
 19476 | Lair:8   | Found a staircase to the Slime Pits.
 19703 | Lair:8   | Reached ****** piety under Trog
 19995 | Lair:8   | Received a gift from Trog
 21313 | D:11     | Found a runed door.
 21339 | D:11     | Reached skill level 10 in Shields
 21707 | D:11     | Noticed Fannar
 21731 | D:11     | Killed Fannar
 21731 | D:11     | Received a gift from Trog
 21770 | D:11     | Reached XP level 15. HP: 146/150 MP: 14/14
 21903 | D:11     | Found a runed door.
 22076 | D:11     | Noticed Grum
 22086 | D:11     | Killed Grum
 22943 | D:12     | Found a staircase to the Orcish Mines.
 23348 | Orc:1    | Entered Level 1 of the Orcish Mines
 23464 | Orc:1    | Received a gift from Trog
 23487 | Orc:2    | Entered Level 2 of the Orcish Mines
 23711 | Orc:2    | Found a staircase to the Elven Halls.
 23729 | Orc:2    | Found a roughly hewn altar of Beogh.
 23947 | Orc:2    | Found Dubbi's General Store.
 24254 | Orc:2    | Found Guynk's Book Shoppe.
 24254 | Orc:2    | Found Saeshrosm's Gadget Boutique.
 24256 | Orc:2    | Found Worouw's Armour Shop.
 24258 | Orc:2    | Found Fufesy's Armour Emporium.
 24268 | Orc:2    | Bought a +0 storm dragon armour for 1200 gold pieces
 24444 | Orc:1    | Received a gift from Trog
 24869 | D:13     | Found a shimmering altar of Xom.
 26262 | D:14     | Received a gift from Trog
 26291 | D:14     | Found a gate to the Vaults.
 26676 | D:14     | Reached XP level 16. HP: 152/159 MP: 15/15
 27124 | D:15     | Entered Level 15 of the Dungeon
 27502 | D:15     | Reached skill level 15 in Armour
 27690 | D:15     | Found a staircase to the Depths.
 27766 | D:15     | Found an opulent altar of Gozag.
 28139 | Spider:1 | Entered Level 1 of the Spider Nest
 28176 | Spider:1 | Received a gift from Trog
 28514 | Spider:1 | Got a sparkling lead ring
 28516 | Spider:1 | Identified the ring "Lugem" {rElec Str-3 Int+6 SInv} (You found it on level 1 of the Spider Nest)
 29181 | Spider:1 | HP: 5/159 [redback (5)]
 29182 | Spider:1 | HP: 1/159 [entropy weaver (2)]
 29847 | Spider:2 | Received a gift from Trog
 29938 | Spider:2 | HP: 6/159 [disintegration (27)]
 30937 | Spider:3 | Reached XP level 17. HP: 149/166 MP: 16/16
 31203 | Spider:3 | HP: 8/166 [emperor scorpion (7)]
 31204 | Spider:3 | HP: 1/166 [tarantella (8)]
 31204 | Spider:3 | Slain by a tarantella

Skill      XL: |  1  2  3  4  5  6  7  8  9 10 11 12 13 14 15 16 17 |
---------------+----------------------------------------------------+-----
Maces & Flails | 4 5 6 10 12 16 17 18 | 18.8
Fighting       | 4 5 8 12 14 16 18 | 18.6
Armour         | 5 6 7 10 13 16 | 16.4
Dodging        | 7 9 11 | 11.1
Shields        | 2 5 10 13 14 | 14.4

Action                   |  1- 3 |  4- 6 |  7- 9 | 10-12 | 13-15 | 16-18 || total
-------------------------+-------+-------+-------+-------+-------+-------++-------
Melee: Mace              |    55 |   121 |    58 |       |       |       ||   234
       Headbutt          |    11 |    23 |    89 |   186 |   482 |   186 ||   977
       Whip              |       |       |   332 |   276 |       |       ||   608
       Morningstar       |       |       |       |   152 |       |       ||   152
       Eveningstar       |       |       |       |   375 |  1751 |   698 ||  2824
Throw: Tomahawk          |       |       |       |     2 |       |       ||     2
Invok: Berserk           |       |     1 |     3 |    10 |       |     1 ||    15
       Trog's Hand       |       |     1 |     5 |    13 |     6 |     3 ||    28
       Burn Spellbooks   |       |       |     2 |     2 |     3 |       ||     7
       Brothers in Arms  |       |       |       |       |       |     1 ||     1
Evoke: Wand              |       |       |       |       |     4 |     5 ||     9
  Use: Scroll            |       |     5 |     9 |     5 |    15 |     1 ||    35
       Potion            |       |       |       |     3 |     2 |     8 ||    13
 Stab: Invisible         |       |       |       |       |       |     2 ||     2
  Eat: Chunk             |     1 |     8 |    13 |    33 |    42 |    10 ||   107
       Beef jerky        |       |       |     1 |       |       |     2 ||     3
       Pizza             |       |       |       |     1 |     2 |     2 ||     5
Armor: Ring mail         |    24 |    37 |    23 |       |       |       ||    84
       Scale mail        |       |       |    53 |   266 |   372 |       ||   691
       Storm dragon armo |       |       |       |       |    77 |   387 ||   464
Dodge: Dodged            |    29 |    59 |   143 |   377 |   656 |   357 ||  1621
Block: Other             |       |    18 |    65 |       |       |       ||    83
       Reflection        |       |       |     3 |    57 |    88 |    26 ||   174
       Buckler           |       |       |     9 |   391 |   427 |       ||   827
       Shield            |       |       |       |       |   856 |   269 ||  1125
       Large shield      |       |       |       |       |       |   815 ||   815
